 Dungeon Crawl Stone Soup version 0.27-a0-1200-g94dc6ad4cf (webtiles) character file.

Game seed: 17553475976563808211

29 Azzok the Chopper (level 3, 29/29 HPs)
             Began as a Demonspawn Berserker on May 30, 2021.
             Was a Follower of Trog.
             Quit the game on level 1 of the Dungeon.
             The game lasted 00:01:12 (1380 turns).

Azzok the Chopper (Demonspawn Berserker)            Turns: 1380, Time: 00:01:13

Health: 29/29      AC:  8    Str: 18    XL:     3   Next: 1%
Magic:  3/3        EV:  7    Int: 10    God:    Trog [*.....]
Gold:   41         SH:  0    Dex: 12    Spells: 2/2 levels left

rFire    . . .     SeeInvis .   a - +0 hand axe
rCold    . . .     Faith    .   (no shield)
rNeg     . . .     Spirit   .   d - +0 chain mail
rPois    .         Reflect  .   (no helmet)
rElec    .         Harm     .   (no cloak)
rCorr    .         Rampage  .   (no gloves)
Will     .....                  (no boots)
Stlth    ..........             (no amulet)
HPRegen  0.09/turn              (no ring)
MPRegen  0.08/turn              (no ring)

@: no status effects
A: claws 1, big brain 1
a: Renounce Religion, Berserk


You were on level 1 of the Dungeon.
You worshipped Trog.
Trog was aware of your devotion.
You visited 1 branch of the dungeon, and saw 1 of its levels.

You collected 41 gold pieces.

Inventory:

Hand Weapons
 a - a +0 hand axe (weapon)
Armour
 d - a +0 chain mail (worn)
Scrolls
 b - a scroll of magic mapping {unknown}
 c - a scroll of amnesia {unknown}
 e - a scroll of torment {unknown}
 g - a scroll of noise {unknown}
Potions
 f - a potion of curing {unknown}


   Skills:
 - Level 3.0 Fighting
 + Level 3.8 Axes
 - Level 1.7 Armour
 - Level 1.7 Dodging


You had 2 spell levels left.
You didn't know any spells.
Your spell library was empty.

Dungeon Overview and Level Annotations

Branches:
Dungeon (1/15)

Altars:


Innate Abilities, Weirdness & Mutations

You have sharp fingernails.
You have an unusually large brain. (Int +2)


Message History

The frilled lizard bites you but does no damage.
You hit the frilled lizard but do no damage.
The frilled lizard bites you but does no damage.
You hit the frilled lizard but do no damage.
The frilled lizard bites you but does no damage.
The frilled lizard barely misses you.
You closely miss the frilled lizard.
The frilled lizard hisses.
The frilled lizard bites you but does no damage.
You slash the frilled lizard!
You kill the frilled lizard!
Trog accepts your kill.
You now have 41 gold pieces (gained 19).
g - a scroll labelled UBI NYECUWK
Found an escape hatch in the floor.
An endoplasm comes into view.
Found a tubular copper ring.
You hit the endoplasm.
You kill the endoplasm!
Trog accepts your kill.
A bat comes into view.
The bat hits you but does no damage.
You see here a ring of fire.
You closely miss the bat. The bat closely misses you.
The bat hits you but does no damage. The bat hits you but does no damage.
The bat hits you but does no damage. The bat closely misses you.
The bat hits you but does no damage.
You hit the bat.
The bat is severely wounded.
The bat barely misses you. The bat hits you but does no damage.
You hit the bat.
You kill the bat!
Trog accepts your kill.
You have reached level 3!
Your experience leads to an increase in your attributes!
Increase (S)trength, (I)ntelligence, or (D)exterity?
You feel stronger.
Your demonic ancestry asserts itself...
Your brain expands.
Are you sure you want to abandon this character and quit the game? (Confirm with "yes".)

▒····≈≈≈≈≈≈≈≈≈≈≈≈≈≈≈≈
▒····≈≈≈≈≈≈≈≈≈≈≈≈≈≈≈≈
▒▒▒▒·················
▒·················
▒▒▒▒▒▒▒▒·▒··▒▒▒▒▒▒
▒▒▒▒>·············
▒·······▒·▒▒▒▒▒▒▒·
▒·▒▒·▒▒···▒
▒▒▒▒▒▒▒@▒▒·▒▒·▒▒▒
▒·······=··▒▒·▒
▒·▒▒▒▒▒·▒▒·▒▒·▒
▒·▒▒▒▒▒·▒ ▒·· ··▒
▒▒▒▒ ▒·▒ ▒·▒ ▒▒▒


There were no monsters in sight!

Vanquished Creatures
  A bat (D:1)
  2 endoplasms (D:1)
  2 giant cockroaches (D:1)
  2 goblins (D:1)
  2 hobgoblins (D:1)
  6 jackals (D:1)
  2 kobolds (D:1)
  A quokka (D:1)
  3 ball pythons (D:1)
  A frilled lizard (D:1)
  A rat (D:1)
23 creatures vanquished.

Notes
Turn   | Place    | Note
-------+----------+-------------------------------------------
     0 | D:1      | Azzok the Demonspawn Berserker began the quest for the Orb.
     0 | D:1      | Reached XP level 1. HP: 18/18 MP: 1/1
    21 | D:1      | HP: 1/27 [ball python (1)]
   586 | D:1      | Gained mutation: You have sharp fingernails. [demonic
                  | ancestry]
   586 | D:1      | Reached XP level 2. HP: 24/24 MP: 2/2
   645 | D:1      | HP: 1/24 [jackal (2)]
   951 | D:1      | Found a faded altar of an unknown god.
  1380 | D:1      | Gained mutation: You have an unusually large brain. (Int
                  | +2) [demonic ancestry]
  1380 | D:1      | Reached XP level 3. HP: 29/29 MP: 3/3
  1380 | D:1      | Quit the game

Illustrated notes

Levels and vault maps discovered:
D:1:      dpeg_arrival_castle, layout_basic, shapermc_ecumenical_altar_gd

Skill      XL: |  1 |
---------------+----+-----
Axes           | 3 |  3.8
Fighting       | |  3.0
Armour         | |  1.7
Dodging        | |  1.7

Action                   || total
-------------------------++-------
Melee: Hand axe          ||    97
Invok: Berserk           ||     3
Armor: Animal skin       ||     5
       Ring mail         ||     1
       Chain mail        ||    60
Dodge: Dodged            ||    57

Table legend: (Time is in decaauts)
 A = Elapsed time spent in this place.
 B = Non-inter-level travel time spent in this place.
 C = Inter-level travel time spent in this place.
 D = Time resting spent in this place.
 E = Time spent auto-exploring this place.
 F = Levels seen in this place.
 G = Mean time per level.
                   A        B        C        D        E       F      G
               +--------+--------+--------+--------+--------+-----+--------+
         Total |   1428 |   1428 |      0 |    594 |    587 |   1 | 1428.0 |
       Dungeon |   1428 |   1428 |      0 |    594 |    587 |   1 | 1428.0 |
               +--------+--------+--------+--------+--------+-----+--------+

Top non-repeatable levels by time:
     D:1: 1428 daAuts
